 Dungeon Crawl Stone Soup version 0.31.0-32-g396128a36d (webtiles) character file.

Game seed: 5231606782061041060

6 monsoonserge the Conjurer (level 1, -2/16 HPs)
             Began as a Demonspawn Reaver on Mar 29, 2024.
             Slain by a kobold
             ... wielding a +0 whip
              (5 damage)
             ... on level 1 of the Dungeon.
             The game lasted 00:01:07 (248 turns).

monsoonserge the Conjurer (Demonspawn Reaver)        Turns: 248, Time: 00:01:08

Health: -2/16      AC:  3    Str: 12    XL:     1   Next: 75%
Magic:  3/3        EV: 11    Int: 13    God:
Gold:   20         SH:  0    Dex: 11    Spells: 3/4 levels left

rFire   . . .        d - +1 demon trident (vamp)
rCold   . . .        (no shield)
rNeg    . . .        b - +0 leather armour
rPois   .            (no helmet)
rElec   .            (no cloak)
rCorr   .            (no gloves)
SInv    .            (no boots)
Will    .....        (no amulet)
Stlth   +            (no ring)
HPRegen 0.22/turn    (no ring)
MPRegen 0.08/turn

%: no passive effects
@: no status effects
A: no striking features
a: no special abilities


You were on level 1 of the Dungeon.
You visited 1 branch of the dungeon, and saw 1 of its levels.

You collected 20 gold pieces.

Inventory:

Hand Weapons
 a - a +0 falchion
 d - a +1 vampiric demon trident (weapon)
Missiles
 f - 3 poisoned darts (quivered)
Armour
 b - a +0 leather armour (worn)
Talismans
 c - a flux talisman
Potions
 e - a potion of magic {unknown}


   Skills:
 + Level 2.0 Fighting
 - Level 2.7 Long Blades
 * Level 0.2 Polearms
 + Level 0.2 Armour
 + Level 1.8 Dodging
 + Level 2.0 Spellcasting
 + Level 3.1 Conjurations


You had 3 spell levels left.
You knew the following spells:

 Your Spells              Type           Power      Damage    Failure   Level
a - Kiss of Death         Conj/Necr      20%        2d7       17%         1

Your spell library contained the following spells:

 Spells                   Type           Power      Damage    Failure   Level
 Momentum Strike          Conj/Tloc      10%        3d8       26%         2
 Hailstorm                Conj/Ice       5%         3d5       45%         3
 Malign Gateway           Summ/Tloc      0%         N/A       100%        7
 Summon Horrible Things   Summ           0%         N/A       100%        8


Dungeon Overview and Level Annotations

Branches:
Dungeon (1/15)

Altars:


Message History

You hit the kobold.
The kobold is moderately wounded.
You closely miss the kobold.
The kobold is moderately wounded.
The frilled lizard bites you. The kobold barely misses you.
The frilled lizard bites you but does no damage.
The kobold misses you.
You closely miss the kobold.
The kobold is moderately wounded.
The frilled lizard closely misses you. The kobold closely misses you.
You barely miss the kobold.
The kobold is moderately wounded.
The kobold barely misses you. The frilled lizard bites you.
You hit the kobold.
You feel better.
The kobold is severely wounded.
The frilled lizard bites you but does no damage.
The kobold closely misses you. The frilled lizard misses you.
The kobold hits you but does no damage.
You barely miss the kobold.
The kobold is severely wounded.
The frilled lizard bites you. The kobold closely misses you.
You closely miss the kobold.
The kobold is severely wounded.
The frilled lizard bites you. The kobold barely misses you.
You miss the kobold.
The kobold is severely wounded.
The frilled lizard bites you. The kobold hits you with a +0 whip.
You closely miss the kobold.
The kobold is severely wounded.
The frilled lizard misses you. The kobold barely misses you.
The kobold hits you with a +0 whip.
* * * LOW HITPOINT WARNING * * *
The frilled lizard closely misses you.
Press: ? - help, v - describe, . - travel
Here: a frilled lizard The floor.
You hit the frilled lizard.
You kill the frilled lizard!
The kobold hits you with a +0 whip.
You die...

....##..######.####...
..#..#.........#####
....##..######.#...#
.#...'.........'...#
....##(.########...#
#.#..#..# #...#
..#..#..## #...#
..####...# #...# .##
##...##... #@..# ..#
#..........#JK.#
#.###.#.######.#...#
.###..#.# #...#
.##..##.# .....
###.###.. ...... ##..#
#+# ###.... #..##
..... ..##


You could see an endoplasm and a kobold.

Vanquished Creatures
  2 endoplasms (D:1)
  A quokka (D:1)
  A frilled lizard (D:1)
  A kobold (D:1)
  2 rats (D:1)
7 creatures vanquished.

Notes
Turn   | Place    | Note
-------+----------+-------------------------------------------
     0 | D:1      | monsoonserge the Demonspawn Reaver began the quest for the
                  | Orb.
     0 | D:1      | Reached XP level 1. HP: 16/16 MP: 3/3
   248 | D:1      | Slain by a kobold

Illustrated notes

Levels and vault maps discovered:
D:1:      arrival_zaba_pyramid, layout_basic, nicolae_figureground_sparkle

Action                     || total
---------------------------++-------
  Melee: Demon trident     ||    15
         Falchion          ||     4
 Armour: Leather armour    ||    14
  Dodge: Dodged            ||    15
